Unix NetHack Version 3.7.0-80 Work-in-progress - last build Apr 4 2023 12:38:21 (790859391a0ee7bd3181b412646ad1b7e633ff00,branch:master). Game began 2023-04-11 13:50:26, ended 2023-04-11 13:59:28. tromix, chaotic male human Ranger --- ----- ---- ---------- --.-- |...--- ---- |..-- |..--.|..-- |...| |.....0|--..| --..<| |.........---- |...----- --- --.....-|...| ----....----...........|---- ---..|..-- --.--- ----- |......|-..-----........| |...........--..| ---....---....| |...| ----..--|-...||.q---.).----...............-- |........|..-- --..^-- |..---....-|@-------- |.................-- --......----..| |..-..-- ----|..........|.||..| |..................--- |......-- |-.-----.>....| |..-----.......|.|-..--- |-.........--........--- --......| |...--"......-- |.......-........|....^----.........---..........----.......-- --..-...--.*.-- -------............)...).(....................0.......---....---.....---|-..| ----..|.......[..------......-------.......------ |-.......----.---...| --.---.......--- |......-| ---.....| --....----- |..|....| |..| |......-- --.......-- --..--- |....-- --......| --..| --.....| |.........| ---- |....| |..^...| |...| ---..-- --.......-- ---.-- |....--- --.-- ---- --.--..-- --- ---.-- --- ------- --- Tromix the Lookout St:16 Dx:10 Co:15 In:13 Wi:14 Ch:9 Chaotic Dlvl:3 $:33 HP:0(36) Pw:27(27) AC:3 Exp:5 T:1468 Hungry Latest messages: The gnome picks up 2 yellowish brown gems. You climb up the stairs. The hobgoblin strikes at your displaced image and misses you! You miss the hobgoblin. You are beginning to feel hungry. The hobgoblin shoots a stone called flintstone! You see here a candle. The hobgoblin picks up a stone called flintstone. The rothe just misses! The rothe bites! The rothe bites again! You kill the rothe! You see here a rothe corpse. There is a rothe corpse here; eat it? [ynq] (n) n What do you want to eat? [fw or ?*] Never mind. Are you sure you want to pray? [yn] (n) y You begin praying to Mars. You are surrounded by a shimmering light. The rothe starts to attack you, but pulls back. The rothe starts to attack you, but pulls back. You finish your prayer. You feel that Mars is well-pleased. You feel much better. You hit the rothe! The rothe hits! The rothe bites! The rothe bites again! You hit the rothe. You miss the rothe. The rothe hits! The rothe misses! The rothe bites! You miss the rothe. The rothe misses! The rothe bites! The rothe bites again! You miss the rothe. You kill the rothe! You see here a rothe corpse. The rothe hits! The rothe bites! The rothe misses! You hit the rothe! You hit the rothe. The rothe hits! The rothe bites! The rothe bites again! You die... Do you want your possessions identified? [ynq] (y) q Inventory: Coins $ - 33 gold pieces Weapons c - 55 +2 arrows (in quiver) d - 33 +0 arrows s - 3 +0 arrows q - 5 cursed +0 arrows b - a +1 bow (alternate weapon; not wielded) a - a +1 dagger (weapon in hand) t - 5 +0 daggers r - a cursed +0 dagger m - a +0 orcish dagger Armor n - an uncursed +0 orcish helm (being worn) j - an uncursed +0 pair of leather gloves (being worn) v - a blessed +0 pair of iron shoes u - an uncursed +0 pair of iron shoes A - an uncursed +2 cloak of displacement (being worn) p - an uncursed +0 leather armor (being worn) Comestibles f - 5 uncursed cram rations w - 2 uncursed food rations Scrolls g - an uncursed scroll of enchant armor h - an uncursed scroll of enchant weapon i - an uncursed scroll of identify l - an uncursed scroll of taming k - a blessed scroll of teleportation Potions z - an uncursed potion of invisibility Tools e - an uncursed lock pick Gems/Stones B - an uncursed worthless piece of black glass x - an uncursed worthless piece of orange glass C - 2 uncursed worthless pieces of yellow glass Tromix the Ranger's attributes: Background: You were a Lookout, a level 5 male human Ranger. You were chaotic, on a mission for Mars who was opposed by Mercury (lawful) and Venus (neutral). You were in the Gnomish Mines, on level 3. You entered the dungeon 1468 turns ago. You had 211 experience points, 109 more were needed to attain level 6. Basics: You had 0 out of 36 hit points. You had all 27 energy points (spell power). Your armor class was 3. Your wallet contained 33 zorkmids. Autopickup was off. Final Characteristics: Your strength was 16 (limit:18/100). Your dexterity was 10 (limit:18). Your constitution was 15 (limit:18). Your intelligence was 13 (limit:18). Your wisdom was 14 (limit:18). Your charisma was 9 (limit:18). Final Status: You were hungry. You were unencumbered. You were wielding a dagger. You had basic skill with dagger. Final Attributes: You were devoutly aligned. You had automatic searching. You were displaced. You were warded. You are dead. Miscellaneous: You disabled loading of bones levels. Total elapsed playing time was 9 minutes and 2 seconds. Major events: Turn 1: tromix the chaotic male human Ranger entered the dungeon 790: entered the Gnomish Mines 867: attained the rank of Lookout (level 3) 1468: killed by a rothe Vanquished creatures: 3 gnome leaders 2 little dogs 2 dwarves 2 rothes a giant bat a hobbit a large kobold a hobgoblin a cave spider 13 gnomes 3 jackals 2 goblins 2 sewer rats 2 grid bugs 4 newts 40 creatures vanquished. No species were genocided or became extinct. Voluntary challenges: You were illiterate. You never engraved Elbereth. You never genocided any monsters. You never polymorphed an object. You never changed form. You used no wishes. Achievements: You entered the Gnomish Mines. You attained the rank of Lookout. The Dungeons of Doom: levels 1 to 3 Level 1: A fountain. Level 2: Stairs down to The Gnomish Mines. Level 3: A sink. The Gnomish Mines: levels 3 to 4 Level 3: <- You were here. Final resting place for you, killed by a rothe. Level 4: Game over: ---------- / \ / REST \ / IN \ / PEACE \ / \ | tromix | | 33 Au | | killed by a | | rothe | | | | | | 2023 | *| * * * | * _________)/\\_//(\/(/\)/\//\/|_)_______ Goodbye tromix the Ranger... You died in The Gnomish Mines on dungeon level 3 with 1024 points, and 33 pieces of gold, after 1468 moves. You were level 5 with a maximum of 36 hit points when you died.